 Dungeon Crawl Stone Soup version 0.19-a0-1448-g1485906 (webtiles) character file.

4499 PurpleRed the Destroyer (level 10, -5/50 HPs)
             Began as a Deep Elf Conjurer on Sept 5, 2016.
             Was a Believer of Vehumet.
             Slain by a troll (11 damage)
             ... on level 10 of the Dungeon.
             The game lasted 00:30:26 (2533 turns).

PurpleRed the Destroyer (Deep Elf Conjurer)         Turns: 2533, Time: 00:30:26

Health: -5/50      AC:  7    Str:  5    XL:     10   Next: 16%
Magic:  15/26      EV: 13    Int: 24    God:    Vehumet [**....]
Gold:   162        SH:  0    Dex: 15    Spells: 5 memorised, 16 levels left

rFire  . . .     SeeInvis .     w - +2 hand crossbow
rCold  + . .     Gourm    .     q - +2 robe {rC+}
rNeg   . . .     Faith    .     (no shield)
rPois  .         Spirit   .     l - +1 helmet
rElec  .         Dismiss  .     (no cloak)
rCorr  .         Reflect  .     y - +0 pair of gloves
MR     +....     Harm     .     (no boots)
Stlth  ++........               (no amulet)
                                (no ring)
                                (no ring)

@: no status effects
A: no striking features
a: Renounce Religion


You were on level 10 of the Dungeon.
You worshipped Vehumet.
Vehumet was pleased with you.
You were hungry.

You visited 2 branches of the dungeon, and saw 11 of its levels.
You also visited: Ossuary.

You collected 295 gold pieces.
You spent 133 gold pieces at shops.

Inventory:

Hand Weapons
 d - a +0 mace
 w - a +2 hand crossbow (weapon)
Missiles
 o - 16 bolts (quivered)
Armour
 l - a +1 helmet (worn)
 q - a +2 robe of cold resistance (worn)
 y - a +0 pair of gloves (worn)
Wands
 a - a wand of random effects (25/48)
 e - a wand of lightning (7/15)
 k - a wand of lightning (9/15)
 m - a wand of acid (6/15)
 A - a wand of confusion (14/48)
Scrolls
 i - a scroll of recharging
 p - 2 scrolls of fog
 u - a scroll of teleportation
Potions
 f - a potion of haste
 g - a potion of brilliance
 h - a potion of flight
 r - 2 potions of resistance
 s - a potion of ambrosia
 t - a potion of heal wounds
 x - a potion of berserk rage
Books
 b - a book of Conjurations

   Spells                             Type                      Level
   a - Magic Dart                     Conjuration                  1
   b - Searing Ray                    Conjuration                  2
   c - Dazzling Spray                 Conjuration/Hexes            3
   d - Fulminant Prism                Conjuration/Hexes            4
   e - Iskenderun's Mystic Blast      Conjuration                  4
   f - Iskenderun's Battlesphere      Conjuration/Charms           5
Comestibles
 c - 4 bread rations
 j - 2 slices of pizza
 n - 2 fruits
 v - 2 chunks of flesh
 z - a meat ration
 B - a beef jerky


   Skills:
 - Level 2.4 Dodging
 - Level 2.4 Stealth
 + Level 10.3 Spellcasting
 * Level 12.4 Conjurations
 - Level 8.2 Charms
 + Level 3.2 Fire Magic


You had 16 spell levels left.
You knew the following spells:

 Your Spells              Type           Power        Failure   Level  Hunger
a - Magic Dart            Conj           ####         1%          1    None
b - Searing Ray           Conj           ######       1%          2    None
c - Iskenderun's Mystic   Conj           ######..     1%          4    #......
d - Iskenderun's Battles  Conj/Chrm      ######..     2%          5    ####...
e - Flame Tongue          Conj/Fire      #####        1%          1    None


Dungeon Overview and Level Annotations

Branches:
Dungeon (10/15)            Temple (1/1) D:4
   Lair: D:8-11         Orc: D:9-12

Altars:
Ashenzari
Dithmenos
Fedhas
Hepliaklqana
Makhleb
Nemelex Xobeh
Okawaru
Qazlal
Trog
Uskayaw
Vehumet
Xom
Yredelemnul

Shops:
D:4 *   D:5 }   D:6 !   D:7 **(

Annotations:
D:6 Ryco's ghost, novice DEFE


Message History

Press: ? - help, Shift-Dir - straight line, f/p - troll
Aim: a troll (almost dead)
The magic dart hits the troll.
The troll is almost dead.
Your battlesphere fires!
The barrage of energy hits the giant frog zombie.
You destroy the giant frog zombie!
Vehumet accepts your kill. The troll barely misses you. The troll claws you!
* * * LOW HITPOINT WARNING * * *
The troll claws you but does no damage.
Casting: Magic Dart
Confirm with . or Enter, or press ? or * to list all spells.
Aiming: Magic Dart
Press: ? - help, Shift-Dir - straight line, f/p - troll
Aim: a troll (almost dead)
The magic dart hits the troll.
The troll is almost dead.
The troll misses you. The troll claws you!
You die...

.....<........
.............<
.......####### .......#
.......# .......# .
.......# ...
.......#############.....
................@T.......
................*........
......................###
###...#############...#
#...# ...# #...# ...#
#...# .... ..... ....
######


You could see a troll and a friendly battlesphere (wandering).

Vanquished Creatures
  A hydra (D:9)
  The ghost of plsesad the Covert, a novice SpEn of Gozag (D:8)
  2 two-headed ogres (D:10)
  6 yaks (D:9)
  The ghost of PurpleRed the Conjurer, an amateur DECj (Ossuary)
  2 water moccasins
  An ice beast (D:8)
  2 black bears
  A sky beast (D:7)
  A wasp (D:8)
  A phantom (D:10)
  2 ogres
  A centaur (D:9)
  A big kobold (D:8)
  5 giant frogs
  A wyvern skeleton (D:6)
  2 scorpions
  2 howler monkeys (D:9)
  A centaur zombie (D:7)
  A giant frog zombie (D:10)
  An orc priest (D:7)
  A hound (D:6)
  A jelly (D:10)
  2 orc wizards
  A human zombie (D:8)
  2 human skeletons (D:8)
  3 worker ants
  4 mummies (Ossuary)
  4 adders
  2 shadow imps
  A worm (D:4)
  A giant gecko (D:5)
  12 orcs
  3 giant cockroaches
  2 hobgoblins (D:2)
  10 jackals
  A quokka (D:8)
  A bat (D:2)
  A giant gecko skeleton (D:4)
  A giant newt (D:4)
  A goblin (D:1)
  3 kobolds (D:8)
  An orc zombie (D:8)
  A rat (D:2)
95 creatures vanquished.

Vanquished Creatures (collateral kills)
  A giant gecko (D:9)
1 creature vanquished.

Grand Total: 96 creatures vanquished

Notes
Turn   | Place    | Note
-------+----------+-------------------------------------------
     0 | D:1      | PurpleRed the Deep Elf Conjurer began the quest for the Orb.
     0 | D:1      | Reached XP level 1. HP: 10/10 MP: 6/6
   148 | D:3      | Found a sparkling altar of Nemelex Xobeh.
   151 | D:3      | Found a basalt altar of Yredelemnul.
   154 | D:3      | Found a shattered altar of Ashenzari.
   157 | D:3      | Found a hazy altar of Hepliaklqana.
   176 | D:4      | Noticed a sky beast
   254 | D:3      | Reached XP level 2. HP: 11/15 MP: 1/8
   258 | D:3      | Learned a level 2 spell: Searing Ray
   292 | D:4      | Reached skill level 5 in Conjurations
   292 | D:4      | Reached XP level 3. HP: 14/19 MP: 0/10
   313 | D:5      | Entered Level 5 of the Dungeon
   313 | D:5      | Found Hais's Gadget Boutique.
   399 | D:5      | Found an iron altar of Okawaru.
   436 | D:5      | Noticed a slave
   437 | D:5      | Noticed a slave
   477 | D:5      | Noticed a slave
   492 | D:6      | Reached XP level 4. HP: 24/24 MP: 7/12
   498 | D:6      | Learned a level 4 spell: Iskenderun's Mystic Blast
   551 | D:4      | Reached skill level 6 in Conjurations
   568 | D:4      | Found a staircase to the Ecumenical Temple.
   576 | D:4      | Found Xonnuwot's General Store.
   578 | Temple   | Entered the Ecumenical Temple
   606 | Temple   | Became a worshipper of Vehumet
   643 | D:4      | Bought a scroll of identify for 24 gold pieces
   643 | D:4      | Bought a scroll of identify for 24 gold pieces
   742 | D:6      | Reached XP level 5. HP: 28/28 MP: 10/14
   743 | D:6      | Noticed Ryco's ghost (novice DEFE)
   763 | D:7      | Reached skill level 5 in Spellcasting
   784 | D:7      | Learned a level 5 spell: Iskenderun's Battlesphere
   796 | D:7      | Reached skill level 7 in Conjurations
   807 | D:7      | Found Ticzess's Assorted Antiques.
   862 | D:7      | Found Qaufot's Assorted Antiques.
   895 | D:7      | Bought a shiny helmet for 85 gold pieces
   918 | D:7      | Reached XP level 6. HP: 32/32 MP: 13/15
   940 | D:7      | Found Dyrranele's Antique Weapon Shop.
   945 | D:7      | Reached skill level 1 in Charms
  1020 | D:8      | Noticed a troll
  1073 | D:6      | Found Pyusothru's Distillery.
  1113 | D:6      | Reached XP level 7. HP: 36/36 MP: 4/17
  1175 | D:7      | Reached skill level 8 in Conjurations
  1269 | D:9      | Found a blossoming altar of Fedhas.
  1359 | D:8      | Found a sand-covered staircase.
  1377 | Ossuary  | Entered an ossuary
  1377 | Ossuary  | Noticed PurpleRed's ghost (amateur DECj)
  1384 | Ossuary  | Killed PurpleRed's ghost
  1384 | Ossuary  | Reached * piety under Vehumet
  1384 | Ossuary  | Offered knowledge of Sandblast by Vehumet.
  1561 | D:8      | Noticed plsesad's ghost (novice SpEn)
  1585 | D:8      | Killed plsesad's ghost
  1585 | D:8      | Reached skill level 9 in Conjurations
  1585 | D:8      | Reached skill level 5 in Charms
  1585 | D:8      | Reached XP level 8. HP: 23/41 MP: 0/21
  1748 | D:8      | Reached skill level 10 in Conjurations
  1971 | D:9      | Reached XP level 9. HP: 28/45 MP: 11/23
  2001 | D:10     | Entered Level 10 of the Dungeon
  2046 | D:9      | Reached skill level 11 in Conjurations
  2080 | D:9      | Reached ** piety under Vehumet
  2134 | D:10     | Offered knowledge of Flame Tongue by Vehumet.
  2141 | D:10     | Learned a level 1 spell: Flame Tongue
  2154 | D:10     | Reached skill level 1 in Fire Magic
  2231 | D:9      | Found a stormy altar of Qazlal.
  2251 | D:9      | Noticed an eight-headed hydra
  2260 | D:9      | Killed an eight-headed hydra
  2260 | D:9      | Reached skill level 10 in Spellcasting
  2260 | D:9      | Reached skill level 12 in Conjurations
  2260 | D:9      | Reached XP level 10. HP: 50/50 MP: 4/26
  2533 | D:10     | Slain by a troll

Vault maps used:
D:1:      dpeg_arrival_brainrot, minivault_26
D:3:      grunt_temple_overflow_cloverleaf
D:4:      marbit_many_paths, serial_shops, nicolae_shop_crystal,
          lemuel_blue_sif_altar
D:5:      lemuel_doored_altar, serial_shops, shop, first_bread,
          uniq_prince_ribbit1, uniq_pikel, uniq_grinder
D:6:      minmay_opposing_rooms, serial_shops, shop
D:7:      serial_shops, kennysheep_little_box, nicolae_shop_stone, shop, shop,
          shop_fountains
D:8:      nicolae_ossuary_entry_catacombs
D:9:      fedhas_bush_and_centaur_altar, lemuel_round_altar
Temple:   oiseaux_autumnal_temple
Ossuary:  ossuary_the_hunt_dpeg

Skill      XL: |  1  2  3  4  5  6  7  8  9 10 |
---------------+-------------------------------+-----
Conjurations   | 5 6 7 9 10 12 | 12.4
Spellcasting   | 4 5 7 8 10 | 10.3
Charms         | 3 5 7 8 |  8.2
Fire Magic     | 2 3 |  3.2
Dodging        | |  2.4
Stealth        | |  2.4

Action                   |  1- 3 |  4- 6 |  7- 9 | 10-12 || total
-------------------------+-------+-------+-------+-------++-------
Melee: Mace              |       |     3 |    43 |       ||    46
 Fire: Hand crossbow     |       |       |     2 |       ||     2
 Cast: Magic Dart        |    22 |    15 |    61 |    13 ||   111
       Searing Ray       |     4 |    15 |    15 |     3 ||    37
       Iskenderun's Batt |       |       |    14 |     3 ||    17
       Iskenderun's Myst |       |       |     2 |       ||     2
Evoke: Wand              |     2 |     4 |       |       ||     6
  Use: Scroll            |     9 |     5 |     9 |     1 ||    24
       Potion            |       |       |     3 |       ||     3
 Stab: Sleeping          |       |       |     1 |       ||     1
  Eat: Chunk             |       |       |     6 |     1 ||     7
       Fruit             |       |       |     2 |       ||     2
Armor: Robe              |       |     4 |     9 |     2 ||    15
Dodge: Dodged            |     4 |    17 |    60 |    14 ||    95
